 Dungeon Crawl Stone Soup version 0.31-a0-164-g2312942fda (webtiles) character file.

Game seed: 16437396303935529253

1 Moral the Vexing (level 1, -3/11 HPs)
             Began as a Deep Elf Hexslinger on June 14, 2023.
             Slain by a quokka (4 damage)
             ... on level 1 of the Dungeon.
             The game lasted 00:00:41 (24 turns).

Moral the Vexing (Deep Elf Hexslinger)                Turns: 24, Time: 00:00:42

Health: -3/11      AC:  2    Str:  5    XL:     1   Next: 16%
Magic:  2/5        EV: 13    Int: 17    God:
Gold:   0          SH:  0    Dex: 17    Spells: 2/3 levels left

rFire   . . .        a - +1 sling
rCold   . . .        (no shield)
rNeg    . . .        c - +0 robe
rPois   .            (no helmet)
rElec   .            (no cloak)
rCorr   .            (no gloves)
SInv    .            (no boots)
Will    .....        (no amulet)
Stlth   ++           (no ring)
HPRegen 0.21/turn    (no ring)
MPRegen 0.09/turn

%: no passive effects
@: no status effects
A: no striking features
a: no special abilities


You were on level 1 of the Dungeon.
You visited 1 branch of the dungeon, and saw 1 of its levels.

Inventory:

Hand Weapons
 a - a +1 sling (weapon)
Armour
 c - a +0 robe (worn)
Scrolls
 b - a scroll of poison


   Skills:
 + Level 0.7 Fighting
 + Level 2.7 Ranged Weapons
 + Level 2.4 Dodging
 + Level 1.5 Spellcasting
 + Level 4.0 Hexes


You had 2 spell levels left.
You knew the following spells:

 Your Spells              Type           Power      Damage    Failure   Level
a - Slow                  Hex            60%        N/A       3%          1

Your spell library contained the following spells:

 Spells                   Type           Power      Damage    Failure   Level
 Inner Flame              Hex/Fire       8%         N/A       26%         3
 Portal Projectile        Hex/Tloc       16%        N/A       26%         3
 Cause Fear               Hex            7%         N/A       36%         4


Dungeon Overview and Level Annotations

Branches:
Dungeon (1/15)

Altars:


Message History

The bat barely misses you.
There are monsters nearby!
The bat attacks as you move away! The bat closely misses you.
A giant cockroach comes into view.
The bat hits you. The bat attacks as you move away! The bat misses you. x2
There are monsters nearby!
There are monsters nearby!
There are monsters nearby!
There are monsters nearby!
There are monsters nearby!
There are monsters nearby!
There are monsters nearby!
There are monsters nearby!
You shoot a sling bullet. The sling bullet hits the bat!
You kill the bat!
The ball python hisses angrily.
The ball python closely misses you. The ball python barely misses you.
The quokka completely misses you.
You shoot a sling bullet. The sling bullet hits the ball python!
You kill the ball python!
The quokka completely misses you. The quokka bites you.
The giant cockroach bites you but does no damage.
You see here a ball python corpse.
You shoot a sling bullet.
The sling bullet barely misses the quokka.
The quokka bites you. The giant cockroach misses you.
The quokka bites you but does no damage.
The giant cockroach bites you.
You shoot a sling bullet.
The sling bullet barely misses the quokka.
The quokka bites you.
* * * LOW HITPOINT WARNING * * *
The giant cockroach misses you. The quokka closely misses you.
You shoot a sling bullet. The sling bullet hits the quokka.
The quokka is moderately wounded.
The giant cockroach bites you but does no damage.
The giant cockroach barely misses you. The quokka bites you.
You die...

#.....##
##.....###
##.......##
##.........###
#.....8......##
##...##........
#...##.....##.
#...8......##
#...r@......#
##....B.......
##........###
###.....##
##...## ##..#
#.# ..


You could see a quokka and a giant cockroach.

Vanquished Creatures
  A ball python (D:1)
  A bat (D:1)
2 creatures vanquished.

Notes
Turn   | Place    | Note
-------+----------+-------------------------------------------
     0 | D:1      | Moral the Deep Elf Hexslinger began the quest for the Orb.
     0 | D:1      | Reached XP level 1. HP: 11/11 MP: 5/5
    24 | D:1      | Slain by a quokka

Illustrated notes

Levels and vault maps discovered:
D:1:      eino_arrival_cavern_d, layout_rooms, bh_walls_and_bars

Action                     || total
---------------------------++-------
   Fire: Sling             ||     8
   Cast: Slow              ||     5
 Armour: Robe              ||     4
  Dodge: Dodged            ||    17

Table legend: (Time is in decaauts)
 A = Elapsed time spent in this place.
 B = Non-inter-level travel time spent in this place.
 C = Inter-level travel time spent in this place.
 D = Time resting spent in this place.
 E = Time spent auto-exploring this place.
 F = Levels seen in this place.
 G = Mean time per level.
                   A        B        C        D        E       F      G
               +--------+--------+--------+--------+--------+-----+--------+
         Total |     25 |     25 |      0 |      0 |      0 |   1 |   25.0 |
       Dungeon |     25 |     25 |      0 |      0 |      0 |   1 |   25.0 |
               +--------+--------+--------+--------+--------+-----+--------+

Top non-repeatable levels by time:
     D:1: 25 daAuts
